 Dungeon Crawl Stone Soup version 0.26-a0-597-gb535b0901c (webtiles) character file.

Game seed: 917862120370433457

52 Lanoc the Sneak (level 3, -6/30 HPs)
             Began as a Merfolk Delver on Sept 1, 2020.
             Mangled by viperstalker's ghost (8 damage)
             ... on level 3 of the Dungeon.
             The game lasted 00:02:04 (1917 turns).

Lanoc the Sneak (Merfolk Delver)                    Turns: 1917, Time: 00:02:05

Health: -6/30      AC:  3    Str: 12    XL:     3   Next: 85%
Magic:  3/3        EV: 20    Int:  9    God:
Gold:   41         SH:  0    Dex: 16    Spells: 2/2 levels left

rFire    . . .     SeeInvis .   a - +0 spear
rCold    . . .     Faith    .   (no shield)
rNeg     . . .     Spirit   .   b - +0 leather armour
rPois    .         Reflect  .   (no helmet)
rElec    .         Harm     .   (no cloak)
rCorr    .                      (no gloves)
MR       .....                  (boots currently unavailable)
Stlth    ++++......             (no amulet)
HPRegen  0.10/turn              h - +4 ring of evasion
MPRegen  0.08/turn              (no ring)

@: mighty, invisible, very quick
A: change form in water, swift swim, stealthy swim
a: no special abilities


You were on level 3 of the Dungeon.
You visited 1 branch of the dungeon, and saw 3 of its levels.

You collected 41 gold pieces.

Inventory:

Hand Weapons
 a - a +0 spear (weapon)
Armour
 b - a +0 leather armour (worn)
Jewellery
 h - a +4 ring of evasion (left hand)
Wands
 g - a wand of digging (3)
 r - a wand of paralysis (7)
Scrolls
 c - a scroll of fog
 d - a scroll of magic mapping
 e - a scroll of fear
 i - a scroll of random uselessness {unknown}
 k - 2 scrolls of remove curse {unknown}
 l - a scroll of amnesia {unknown}
 m - 2 scrolls of identify {unknown}
 q - a scroll of enchant weapon {unknown}
Potions
 f - a potion of haste
 o - a potion of brilliance {unknown}
 p - a potion of resistance {unknown}


   Skills:
 + Level 3.8 Fighting
 * Level 4.6 Polearms
 + Level 3.5 Dodging
 - Level 5.4 Stealth


You had 2 spell levels left.
You didn't know any spells.
Your spell library was empty.

Dungeon Overview and Level Annotations

Branches:
Dungeon (5/15)
 Temple: D:4-7

Altars:

Shops:
D:4 *

Annotations:
D:3 viperstalker's ghost, amateur PaFi


Message History

You hit viperstalker's ghost but do no damage.
You tail-slap viperstalker's ghost, but do no damage.
Viperstalker's ghost hits you!
You hit viperstalker's ghost but do no damage.
Viperstalker's ghost misses you.
You hit viperstalker's ghost but do no damage.
You barely miss viperstalker's ghost.
Viperstalker's ghost hits you but does no damage.
It was a potion of might.
You feel very mighty all of a sudden.
Viperstalker's ghost completely misses you.
You barely miss viperstalker's ghost. Viperstalker's ghost misses you.
You puncture viperstalker's ghost!
Viperstalker's ghost is moderately damaged.
Viperstalker's ghost hits you!
* * * LOW HITPOINT WARNING * * *
It was a potion of invisibility.
You fade into invisibility!
Viperstalker's ghost hits you!
You die...

##.# #..# #.......#
##.####..##### #.#####.# #######
.........#...###.#####.# #......
##.##................#.# #.#####
##.......#...###.###.#.# #.#
#######.###### #.......# #)#####
#.# #####.### #.##... #.#
######.# #.##.## ##'## #.@.##.#
#.##.# ##...## #.W.##.# #.##.##
##.....## #.≈.##.######......
##.......## #.≈.#......####.#.#
###.........###.≈.##.###.####....
>.+.........'.##'##..............
###.........###.....####.####...<
##.......## ##..#.# #.##......
##.....## ##.#.####.##.#.##.


You could see viperstalker's ghost.

Vanquished Creatures
  A worker ant zombie (D:4)
  2 adders
  A leopard gecko (D:4)
  5 orcs
  A giant cockroach (D:4)
  A goblin (D:3)
  3 jackals (D:4)
  A bat (D:3)
  A kobold (D:3)
16 creatures vanquished.

Vanquished Creatures (others)
  A plant (D:5)
1 creature vanquished.

Grand Total: 17 creatures vanquished

Notes
Turn   | Place    | Note
-------+----------+-------------------------------------------
     0 | D:5      | Lanoc the Merfolk Delver began the quest for the Orb.
     0 | D:5      | Reached XP level 1. HP: 18/18 MP: 1/1
    12 | D:5      | Reached XP level 2. HP: 23/24 MP: 2/2
   710 | D:4      | Reached XP level 3. HP: 23/30 MP: 3/3
   884 | D:4      | Found Oseinof's Assorted Antiques.
   951 | D:4      | Noticed an ogre
   959 | D:4      | Noticed a scorpion
   961 | D:4      | Noticed a phantom
   994 | D:4      | Noticed an ogre
  1406 | D:3      | Found a runed translucent door.
  1900 | D:3      | Noticed viperstalker's ghost (amateur PaFi)
  1917 | D:3      | Mangled by viperstalker's ghost

Illustrated notes

Levels and vault maps discovered:
D:3:      layout_loops_corners, ebering_ghost_reflecting_pool
D:4:      layout_basic, serial_shops, shop
D:5:      layout_basic, tso_oasis_becter, nicolae_ru_awakened_eye,
          grunt_ministairs_12, hangedman_abyss_or_decor_lesser_grid

Skill      XL: |  1  2 |
---------------+-------+-----
Dodging        | 3 |  3.5
Polearms       | 4 |  4.6
Fighting       | |  3.8
Stealth        | |  5.4

Action                   || total
-------------------------++-------
Melee: Spear             ||   109
       Tailslap          ||     1
  Use: Potion            ||     2
 Stab: Sleeping          ||     2
Armor: Leather armour    ||    18
Dodge: Dodged            ||    70

Table legend: (Time is in decaauts)
 A = Elapsed time spent in this place.
 B = Non-inter-level travel time spent in this place.
 C = Inter-level travel time spent in this place.
 D = Time resting spent in this place.
 E = Time spent auto-exploring this place.
 F = Levels seen in this place.
 G = Mean time per level.
                   A        B        C        D        E       F      G
               +--------+--------+--------+--------+--------+-----+--------+
         Total |   1904 |   1904 |      0 |    504 |   1167 |   3 |  634.7 |
       Dungeon |   1904 |   1904 |      0 |    504 |   1167 |   3 |  634.7 |
               +--------+--------+--------+--------+--------+-----+--------+

Top non-repeatable levels by time:
     D:3: 896 daAuts
     D:4: 731 daAuts
     D:5: 276 daAuts
